 Seeded DCSS version 0.27.1-34-g3ba077fa99 (webtiles) character file.

Game seed: 8840528127268114696 (custom seed)

19 voltaire321 the Poker (level 2, 0/23 HPs)
             Began as a Merfolk Gladiator on Jan 19, 2022.
             Slain by a goblin (4 damage)
             ... on level 1 of the Dungeon.
             The game lasted 00:02:47 (783 turns).

voltaire321 the Poker (Merfolk Gladiator)            Turns: 783, Time: 00:02:47

Health: 0/23       AC:  4    Str: 22    XL:     2   Next: 75%
Magic:  11/11      EV: 29    Int: 16    God:
Gold:   27         SH:  0    Dex: 19    Spells: 1/1 levels left

rFire    + . .     SeeInvis .   a - +0 trident
rCold    + . .     Faith    .   (no shield)
rNeg     . . .     Spirit   .   b - +0 leather armour
rPois    .         Reflect  .   c - +0 helmet
rElec    .         Harm     .   (no cloak)
rCorr    .         Rampage  .   (no gloves)
Will     .....                  (no boots)
Stlth    +.........             e - amulet of Puttel {Acrobat Str+4 Int+2}
HPRegen  0.07/turn              j - ring "Jemunyhe" {Fly rC+ Str+4}
MPRegen  0.12/turn              k - ring of Ovugokol {rF+ MP+9 Int+7 Dex+4}

@: acrobatic, flying
A: (nimble swimmer 2), mertail
a: no special abilities


You were on level 1 of the Dungeon.
You visited 1 branch of the dungeon, and saw 1 of its levels.

You collected 27 gold pieces.

Inventory:

Hand Weapons
 a - a +0 trident (weapon)
Missiles
 d - 3 throwing nets (quivered)
Armour
 b - a +0 leather armour (worn)
 c - a +0 helmet (worn)
Jewellery
 e - the amulet of Puttel (around neck) {Acrobat Str+4 Int+2}
   (You acquired it on level 1 of the Dungeon)

   [amulet of the acrobat]

   It increases your evasion while moving and waiting.
   Str:       It affects your strength (+4).
   Int:       It affects your intelligence (+2).
 f - a +6 ring of intelligence
 g - a ring of positive energy
 j - the ring "Jemunyhe" (left hand) {Fly rC+ Str+4}
   (You acquired it on level 1 of the Dungeon)

   [ring of flight]

   Str:       It affects your strength (+4).
   rC:        It protects you from cold.
   Fly:       It grants you flight.
 k - the ring of Ovugokol (right hand) {rF+ MP+9 Int+7 Dex+4}
   (You acquired it on level 1 of the Dungeon)

   [ring of magical power]

   Int:       It affects your intelligence (+7).
   Dex:       It affects your dexterity (+4).
   rF:        It protects you from fire.
   MP:        It affects your magic capacity (+9).
Scrolls
 i - a scroll of identify {unknown}
 l - a scroll of holy word {unknown}
Potions
 h - a potion of curing {unknown}


   Skills:
 + Level 2.6 Fighting
 + Level 4.7 Polearms
 + Level 2.3 Throwing
 + Level 4.3 Dodging


You had one spell level left.
You didn't know any spells.
Your spell library contained the following spells:

 Spells                   Type           Power      Damage    Failure   Level
 Call Canine Familiar     Summ           0%         N/A       65%         3
 Portal Projectile        Hex/Tloc       0%         N/A       65%         3
 Leda's Liquefaction      Hex/Erth       0%         N/A       96%         4


Dungeon Overview and Level Annotations

Branches:
Dungeon (1/15)

Altars:


Innate Abilities, Weirdness & Mutations

((You are quick and stealthy near water. (Stealth+, EV+, Speed+++)))
Your lower body shifts to a powerful aquatic tail in water.


Message History

The goblin completely misses you. The goblin hits you with a +0 club.
* * * LOW HITPOINT WARNING * * *
The goblin closely misses you. The goblin misses you.
The goblin barely misses you. The goblin misses you.
The goblin completely misses you. The goblin misses you.
The goblin closely misses you. The goblin barely misses you.
The goblin misses you. The goblin completely misses you.
The goblin completely misses you. The goblin closely misses you.
The goblin completely misses you. The goblin misses you.
The goblin completely misses you. The goblin closely misses you.
The goblin completely misses you. The goblin misses you.
The goblin hits you but does no damage. The goblin closely misses you.
The goblin completely misses you. The goblin misses you. The goblin misses you.
The goblin misses you. The goblin completely misses you.
The goblin completely misses you. The goblin completely misses you.
The goblin completely misses you. The goblin completely misses you.
The goblin completely misses you. The goblin barely misses you.
The goblin hits you with a +0 club.
* * * LOW HITPOINT WARNING * * *
The goblin barely misses you. The goblin barely misses you.
The goblin hits you with a +0 club.
You die...

#######
#.....
#.... ...
#g# . #@# .
##.#### .
#.....# .
#####..##.#
.
#......##.#
.
#.........#
#.........#
..
#.....###.#
.. #.....#
.# ..


You could see a goblin.

Vanquished Creatures
  A dart slug (D:1)
  3 bats (D:1)
  An endoplasm (D:1)
  2 goblins (D:1)
  2 hobgoblins (D:1)
  2 kobolds (D:1)
  4 ball pythons (D:1)
15 creatures vanquished.

Notes
Turn   | Place    | Note
-------+----------+-------------------------------------------
     0 | D:1      | voltaire321 the Merfolk Gladiator began the quest for the
                  | Orb.
     0 | D:1      | Reached XP level 1. HP: 16/16 MP: 1/1
    94 | D:1      | Reached XP level 2. HP: 22/23 MP: 2/2
   224 | D:1      | Identified 3 scrolls of acquirement
   224 | D:1      | Acquired the ring "Jemunyhe" {Fly rC+ Str+4}
   225 | D:1      | Acquired the ring of Ovugokol {rF+ MP+9 Int+7 Dex+4}
   226 | D:1      | Acquired the amulet of Puttel {Acrobat Str+4 Int+2}
   783 | D:1      | Slain by a goblin

Illustrated notes

Levels and vault maps discovered:
D:1:      minmay_arrival_semitransparent, layout_basic

Action                   || total
-------------------------++-------
Melee: Trident           ||    27
  Use: Scroll            ||     3
Armor: Leather armour    ||    38
Dodge: Dodged            ||   371
